 Dungeon Crawl Stone Soup version 0.23.2-30-g0e89c35649 (webtiles) character file.

Game seed: 17140824146187834653

978 lepoulpe303 the Chopper (level 8, -6/71 HPs)
             Began as a Hill Orc Monk on June 20, 2019.
             Was a Follower of Qazlal.
             Mangled by a slime creature (14 damage)
             ... on level 4 of the Dungeon.
             The game lasted 00:20:42 (7200 turns).

lepoulpe303 the Chopper (Hill Orc Monk)             Turns: 7200, Time: 00:20:43

Health: -6/71      AC:  5    Str: 16      XL:     8   Next: 17%
Magic:  11/11      EV: 14    Int:  9 (10) God:    Qazlal [*.....]
Gold:   58         SH:  1    Dex: 13      Spells: 7/7 levels left

rFire    . . .     SeeInvis .   a - +0 hand axe (elec)
rCold    . . .     Gourm    .   (no shield)
rNeg     . . .     Faith    .   s - +0 ring mail (curse)
rPois    .         Spirit   .   (no helmet)
rElec    .         Reflect  .   (no cloak)
rCorr    .         Harm     .   (no gloves)
MR       .....                  (no boots)
Stlth    +.........             (no amulet)
HPRegen  0.21/turn              n - ring of flight
MPRegen  0.12/turn              c - +2 ring of evasion

@: no status effects
A: no striking features
a: Renounce Religion, Evoke Flight


You were on level 4 of the Dungeon.
You worshipped Qazlal.
Qazlal was aware of your devotion.
You were not hungry.

You visited 1 branch of the dungeon, and saw 5 of its levels.

You collected 168 gold pieces.
You spent 110 gold pieces at shops.

Inventory:

Hand Weapons
 a - a +0 hand axe of electrocution (weapon)
 b - a +0 hand axe
 w - a +0 flail
Missiles
 A - 16 poisoned needles
 Q - 211 stones (quivered)
Armour
 d - a +0 chain mail
 s - a cursed +0 ring mail (worn)
Jewellery
 c - a +2 ring of evasion (right hand)
 n - a ring of flight (left hand)
Wands
 o - a wand of scattershot (6)
Scrolls
 g - 7 scrolls of fear
 i - 3 scrolls of identify
 j - a scroll of amnesia {unknown}
 l - a scroll of enchant weapon {unknown}
 t - 4 scrolls of teleportation
 u - a scroll of fog {unknown}
 B - 2 scrolls of blinking {!r}
Potions
 f - a potion of degeneration {unknown}
 h - 3 potions of resistance {unknown}
 k - 3 potions of ambrosia {unknown}
 p - a potion of invisibility {unknown}
 q - 4 potions of curing
 r - a potion of heal wounds {unknown}
 v - a potion of haste {unknown}
 x - a potion of flight {unknown}
 z - 2 potions of mutation {unknown}
Comestibles
 e - 4 rations


   Skills:
 * Level 6.7 Fighting
 * Level 7.4 Axes
 + Level 3.3 Armour
 + Level 3.6 Dodging
 - Level 1.5 Stealth
 * Level 5.2 Invocations


You had 7 spell levels left.
You didn't know any spells.
Your spell library was empty.

Dungeon Overview and Level Annotations

Branches:
Dungeon (5/15)             Temple (0/1) D:4

Altars:
Gozag
Hepliaklqana
Kikubaaqudgha
Nemelex Xobeh
Qazlal
Sif Muna
Uskayaw
Yredelemnul
Zin

Shops:
D:5 (*[=

Annotations:
D:3 Friendofdean's ghost, amateur DsBe
D:5 5 runed translucent doors


Message History

* * * LOW HITPOINT WARNING * * *
You take 38 damage, and have 4/64 hp.
MASSIVE DAMAGE!!
Aim: a slime creature (severely wounded, chance to defeat MR: 48%)
The slime creature is blasted!!
You blow up the slime creature!
You feel your intelligence returning.
Your Invocations skill increases to level 5!
You have reached level 8!
MP restored: 11
Aim: a slime creature (heavily wounded, chance to defeat MR: 48%)
The slime creature resists with some effort.
Aim: a slime creature (heavily wounded, chance to defeat MR: 48%)
The slime creature resists with some effort.
The now-empty wand crumbles to dust.
The slime creature barely misses you.
Aim: a slime creature (heavily wounded)
The burst of metal fragments hits the slime creature.
The slime creature hits you!
You die...

.# .# .# .# .#
########################
......................>#
...#########.###J#####.#####
...####### #.#.#@## #.....#
...#.....# #......########.#
...#.....#######...........######
...'............#.#######........
...#..[...#####.#.# #.#######
...#......# #.#.#######........
...#......# #.#.#.....########.
+###......#####.#.#+###.# #.
..........'...#.^.......# #.


You could see a slime creature.

Levels and vault maps discovered:
D:1:      psy_arrival_wood_between_worlds, layout_basic, minmay_misc_feat_cross,
          minivault_26, columned_hall_lemuel
D:2:      kennysheep_big_flooded_room, layout_basic,
          nicolae_overflow_crystal_walls, lemuel_blue_sif_altar,
          lemuel_zombie_altar_yredelemnul,
          chequers_ecumenical_altar_simple_redux
D:3:      layout_basic, lemuel_crystal_altar, ebering_ghost_gozag
D:4:      layout_basic, chequers_temple_overflow_statue_of_worship,
          minmay_temple_entry_statues_pillars, kennysheep_generic_room_6
D:5:      cheibrodos_fertilizer, layout_loops_corners, kiku_gazebo_pond_becter,
          first_ration, serial_shops, shop, kennysheep_little_box, shop, shop,
          minmay_guarded_unrand_staff_of_olgreb

Notes
Turn   | Place    | Note
-------+----------+-------------------------------------------
     0 | D:1      | lepoulpe303 the Hill Orc Monk began the quest for the Orb.
     0 | D:1      | Reached XP level 1. HP: 19/19 MP: 1/1
   148 | D:1      | Identified a +0 dagger
   192 | D:1      | Reached XP level 2. HP: 23/27 MP: 2/2
   312 | D:1      | Identified a +0 dagger
   366 | D:1      | Identified a +0 dagger
   381 | D:1      | Reached skill level 4 in Fighting
   382 | D:1      | Identified a +0 club
   394 | D:1      | Identified a +0 dagger
   508 | D:1      | Reached XP level 3. HP: 33/33 MP: 3/3
   508 | D:1      | Identified a +0 club
   522 | D:1      | Reached skill level 1 in Armour
   699 | D:1      | Identified a +0 dagger
  1202 | D:2      | Identified a +0 club
  1222 | D:2      | Found a hazy altar of Hepliaklqana.
  1487 | D:2      | Found a basalt altar of Yredelemnul.
  1688 | D:2      | Identified a ring of flight (You found it on level 2 of the
                  | Dungeon)
  1742 | D:2      | Found a faded altar of an unknown god.
  1761 | D:2      | Reached XP level 4. HP: 33/41 MP: 4/4
  1783 | D:2      | Became a worshipper of Sif Muna the Loreminder
  1783 | D:2      | Reached * piety under Sif Muna
  1783 | D:2      | Reached ** piety under Sif Muna
  1849 | D:2      | Identified a +0 club
  1849 | D:2      | Identified a +0 club
  2083 | D:2      | Found a deep blue altar of Sif Muna.
  2107 | D:3      | Found a runed translucent gate.
  2108 | D:3      | Found a runed translucent gate.
  2110 | D:3      | Found an opulent altar of Gozag.
  2110 | D:3      | Found a runed translucent gate.
  2112 | D:3      | Noticed Friendofdean's ghost (amateur DsBe)
  2225 | D:3      | Identified a +0 club
  2225 | D:3      | Identified a +0 hunting sling
  2258 | D:3      | Found a glowing silver altar of Zin.
  2268 | D:3      | Reached skill level 5 in Axes
  2287 | D:3      | Identified a cursed +0 ring mail (You found it on level 3
                  | of the Dungeon)
  2369 | D:3      | Identified a +0 club
  2648 | D:3      | Identified a +0 hand axe
  2648 | D:3      | Identified a +0 chain mail
  2649 | D:3      | Noticed a bullfrog
  2668 | D:3      | HP: 10/41 [bullfrog (2)]
  2669 | D:3      | HP: 4/41 [bullfrog (6)]
  2672 | D:3      | Killed a bullfrog
  2672 | D:3      | Reached skill level 1 in Invocations
  2672 | D:3      | Reached XP level 5. HP: 4/47 MP: 4/6
  3031 | D:3      | Identified a +0 club
  3035 | D:3      | Reached skill level 5 in Fighting
  3067 | D:3      | Identified a +0 club
  3166 | D:3      | Identified 5 scrolls of fear
  3167 | D:3      | Identified 3 scrolls of teleportation
  3170 | D:3      | Identified 3 scrolls of blinking
  3323 | D:3      | Reached skill level 2 in Armour
  3323 | D:3      | Reached skill level 3 in Dodging
  3323 | D:3      | Reached skill level 2 in Invocations
  3345 | D:3      | HP: 12/48 [poisoned by a scorpion]
  3352 | D:3      | HP: 11/48 [poisoned by a scorpion]
  3360 | D:3      | HP: 11/48 [poisoned by a scorpion]
  3812 | D:3      | Reached XP level 6. HP: 43/56 MP: 7/7
  3950 | D:4      | Found a stormy altar of Qazlal.
  3950 | D:4      | Found a hide-covered altar of Uskayaw.
  3950 | D:4      | Found a sparkling altar of Nemelex Xobeh.
  3958 | D:4      | Fell from the grace of Sif Muna
  3958 | D:4      | Became a worshipper of Qazlal Stormbringer
  4263 | D:4      | Identified a +0 mace
  4481 | D:4      | Found a staircase to the Ecumenical Temple.
  4482 | D:4      | Identified a +0 club
  4482 | D:4      | Identified a +0 club
  4482 | D:4      | Identified a +0 short sword
  4489 | D:4      | Identified a +0 flail
  4489 | D:4      | Identified a +0 ring mail
  4490 | D:4      | Reached skill level 3 in Invocations
  4647 | D:4      | Reached skill level 6 in Axes
  5078 | D:4      | Identified 3 scrolls of identify
  5078 | D:4      | Identified 3 potions of curing
  5096 | D:5      | Entered Level 5 of the Dungeon
  5120 | D:5      | Noticed a soldier ant
  5120 | D:5      | Noticed a soldier ant
  5121 | D:5      | Noticed a soldier ant
  5122 | D:5      | Found a runed translucent gate.
  5128 | D:5      | Found a runed translucent door.
  5175 | D:5      | Found a runed translucent gate.
  5175 | D:5      | Found a runed translucent gate.
  5177 | D:5      | Found a runed translucent door.
  5177 | D:5      | Noticed a soldier ant
  5179 | D:5      | Noticed a water moccasin
  5179 | D:5      | Noticed a soldier ant
  5180 | D:5      | Noticed a water moccasin
  5303 | D:5      | Found the +9 staff of Olgreb {rPois}
  5310 | D:5      | Identified a +0 leather armour
  5312 | D:5      | Identified a +0 dagger
  5312 | D:5      | Identified a cursed +0 robe
  5325 | D:5      | Identified a +0 dagger
  5325 | D:5      | Identified a cursed +0 robe
  5352 | D:5      | Reached XP level 7. HP: 31/62 MP: 9/9
  5542 | D:5      | Identified a +0 dagger
  5542 | D:5      | Identified a +0 leather armour
  5542 | D:5      | Identified a cursed -2 dagger
  5542 | D:5      | Identified a +0 hand axe
  5546 | D:5      | Identified a +0 war axe
  5555 | D:5      | Identified a +0 hand axe of electrocution
  5759 | D:5      | Found an ancient bone altar of Kikubaaqudgha.
  5845 | D:5      | Found Veddafamm's Jewellery Boutique.
  5855 | D:5      | Bought a +2 ring of evasion for 110 gold pieces
  5869 | D:5      | Found Usude's Antique Armour Shoppe.
  5912 | D:5      | Found Sifuz's Weapon Shop.
  5930 | D:5      | Identified a +0 giant spiked club
  5935 | D:5      | Reached skill level 6 in Fighting
  5935 | D:5      | Reached skill level 4 in Invocations
  5972 | D:5      | Reached * piety under Qazlal
  6286 | D:5      | Identified a +0 whip
  6286 | D:5      | Identified a +0 club
  6286 | D:5      | Identified a cursed -3 blowgun
  6286 | D:5      | Identified a +0 whip
  6286 | D:5      | Identified a +0 blowgun
  6287 | D:5      | Identified a +0 short sword
  6459 | D:5      | Identified a +0 hand axe
  6459 | D:5      | Identified a +0 ring mail
  6461 | D:5      | Reached skill level 3 in Armour
  6481 | D:5      | Found Feod's Assorted Antiques.
  6614 | D:5      | Reached skill level 7 in Axes
  6636 | D:5      | Noticed a slime creature
  6636 | D:5      | Noticed a slime creature
  7182 | D:4      | HP: 4/64 [large slime creature (39)]
  7188 | D:4      | Killed a slime creature
  7188 | D:4      | Reached skill level 5 in Invocations
  7188 | D:4      | Reached XP level 8. HP: 5/71 MP: 11/11
  7200 | D:4      | Mangled by a slime creature

Table legend:
 A = Turns spent in this place as a percentage of turns spent in the entire game.
 B = Non-inter-level travel turns spent in this place as a percentage of non-inter-level travel turns spent in the entire game.
 C = Inter-level travel turns spent in this place as a percentage of turns spent in this place.
 D = Turns resting spent in this place as a percentage of non-inter-level travel turns spent in this place.
 E = Turns spent auto-exploring this place as a percentage of non-inter-level travel turns spent in this place.
 F = Non-inter-level travel turns spent in this place divided by the number of levels of this place that you've seen.
                   A       B       C       D       E      F
               +-------+-------+-------+-------+-------+----------------------
         Total | 100.0 | 100.0 |   4.7 |  32.1 |  47.3 | 1372.6
       Dungeon | 100.0 | 100.0 |   4.7 |  32.1 |  47.3 | 1372.6
               +-------+-------+-------+-------+-------+----------------------

Table legend:
 A = Kills in this place as a percentage of kills in entire the game.
 B = Kills by you in this place as a percentage of kills by you in the entire game.
 C = Kills by friends in this place as a percentage of kills by friends in the entire game.
 D = Other kills in this place as a percentage of other kills in the entire game.
 E = Experience gained in this place as a percentage of experience gained in the entire game.
 F = Experience gained in this place divided by the number of levels of this place that you have seen.
                   A       B       C       D       E      F
               +-------+-------+-------+-------+-------+----------------------
         Total | 100.0 | 100.0 |   N/A |   N/A | 100.0 | 279.6
       Dungeon | 100.0 | 100.0 |   N/A |   N/A | 100.0 | 279.6
               +-------+-------+-------+-------+-------+----------------------

Skill      XL: |  1  2  3  4  5  6  7 |
---------------+----------------------+-----
Fighting       | 4 5 6 |  6.7
Armour         | 1 2 3 |  3.3
Axes           | 5 6 7 |  7.4
Invocations    | 1 2 3 5 |  5.2
Dodging        | 3 |  3.6
Stealth        | |  1.5

Action                   |  1- 3 |  4- 6 |  7- 9 || total
-------------------------+-------+-------+-------++-------
Melee: Hand axe          |   125 |   244 |   108 ||   477
Throw: Tomahawk          |    38 |    39 |    21 ||    98
       Stone             |     8 |    30 |    28 ||    66
Evoke: Wand              |       |       |    10 ||    10
  Use: Scroll            |       |     4 |       ||     4
 Stab: Sleeping          |     1 |     1 |       ||     2
  Eat: Chunk             |     2 |     9 |     3 ||    14
       Ration            |       |     1 |     1 ||     2
Armor: Robe              |    18 |     4 |       ||    22
       Ring mail         |       |    53 |     9 ||    62
Dodge: Dodged            |    84 |   138 |    61 ||   283
Block: Other             |       |       |     2 ||     2

Vanquished Creatures
  A slime creature (D:4)
  A phantom (D:5)
  An ogre (D:5)
  A bullfrog (D:3)
  2 scorpions
  A crimson imp (D:5)
  2 jellies (D:5)
  A hound (D:5)
  2 orc wizards (D:5)
  An iguana (D:4)
  2 worker ants
  6 adders
  5 oozes
  An adder zombie (D:5)
  2 worms
  2 leopard geckos
  12 orcs
  8 bats
  6 giant cockroaches
  2 gnoll zombies (D:2)
  8 hobgoblins
  15 jackals
  A quokka (D:5)
  A ball python zombie (D:5)
  4 frilled lizards
  10 goblins
  12 kobolds
  A quokka skeleton (D:5)
  A quokka zombie (D:5)
  11 rats
123 creatures vanquished.

Vanquished Creatures (others)
  3 fungi (D:5)
  8 toadstools (D:5)
11 creatures vanquished.

Grand Total: 134 creatures vanquished
